General information
- name: 1on1 sKilled VCK #23123
- type: Custom game
- host: Eye-Servant
- saver: Eye-Servant
map: TwistedMeadows
- players: 11
- length: 21:19
- speed: Fast
- version: 1.24 W3XP
- replay type: Public
» download(155 KB)
Players
team 1 (loser)
BLaCKWiDoWHaZe- (
blue | 186 APM | 3958 actions | 21:18)
4 Archmage
2 Summon Water Elemental
2 Brilliance Aura
4 Pandaren Brewmaster
2 Breath of Fire
2 Drunken Haze
3 Paladin
2 Holy Light
1 Divine Shield
» actions
| Assign group hotkey | 73 | |
| Basic commands | 194 | |
| Build / train | 108 | |
| ESC pressed | 7 | |
| Enter build submenu | 28 | |
| Enter hero's abilities submenu | 12 | |
| Give item / drop item | 12 | |
| Right click | 1763 | |
| Select / deselect | 653 | |
| Select group hotkey | 917 | |
| Use ability | 191 | |
3958 total
» units
| Peasant | 31 | |
| Footman | 8 | |
| Forest Troll Shadow Priest | 2 | |
| Forest Troll Berserker | 2 | |
| Priest | 9 | |
| Goblin Zeppelin | 1 | |
| Knight | 10 | |
| Mortar Team | 3 | |
66 total
» upgrades
| Animal War Training | 1 | |
| Priest Training | 2 | |
| Swords | 1 | |
| Plating | 2 | |
| Fragmentation Shards | 1 | |
7 total
» buildings
| Altar of Kings | 1 | |
| Farm | 9 | |
| Barracks | 1 | |
| Scout Tower | 3 | |
| Keep | 1 | |
| Arcane Tower | 2 | |
| Arcane Vault | 1 | |
| Arcane Sanctum | 2 | |
| Castle | 1 | |
| Lumber Mill | 1 | |
| Blacksmith | 1 | |
| Town Hall | 4 | |
| Workshop | 1 | |
28 total
» build order
00:05 Altar of Kings
00:07 Farm
00:35 Barracks
00:57 Farm
01:53 Farm
02:29 Farm
02:44 Scout Tower
03:54 Keep
03:58 Arcane Tower
04:25 Farm
04:27 Arcane Vault
06:27 Arcane Sanctum
06:28 Castle
06:32 Arcane Sanctum
06:33 Lumber Mill
07:51 Blacksmith
09:01 Farm
11:36 Farm
11:55 Town Hall
12:02 Scout Tower
13:44 Workshop
13:52 Arcane Tower
14:30 Farm
14:33 Farm
16:59 Town Hall
17:00 Town Hall
17:01 Scout Tower
17:22 Town Hall
» items
| Scroll of Regeneration | 2 | |
| Lesser Clarity Potion | 5 | |
| Scroll of Town Portal | 4 | |
| Staff of Sanctuary | 4 | |
| Potion of Mana | 1 | |
16 total
team 2 (winner)

»
viralChainer (
pink | 92 APM | 1959 actions | 21:18)
4 Archmage
2 Summon Water Elemental
2 Brilliance Aura
4 Mountain King
2 Storm Bolt
2 Bash
1 Paladin
1 Holy Light
» actions
| Assign group hotkey | 25 | |
| Basic commands | 93 | |
| Build / train | 84 | |
| ESC pressed | 5 | |
| Enter build submenu | 18 | |
| Enter hero's abilities submenu | 9 | |
| Give item / drop item | 6 | |
| Remove unit from queue | 1 | |
| Right click | 895 | |
| Select / deselect | 612 | |
| Select group hotkey | 72 | |
| Use ability | 139 | |
1959 total
» units
| Peasant | 24 | |
| Footman | 7 | |
| Forest Troll Shadow Priest | 1 | |
| Goblin Shredder | 1 | |
| Spell Breaker | 10 | |
| Goblin Zeppelin | 2 | |
| Sorceress | 1 | |
| Knight | 2 | |
| Priest | 1 | |
| Mortar Team | 1 | |
50 total
» upgrades
» buildings
| Altar of Kings | 1 | |
| Farm | 8 | |
| Barracks | 1 | |
| Scout Tower | 1 | |
| Keep | 1 | |
| Arcane Tower | 1 | |
| Arcane Vault | 1 | |
| Lumber Mill | 1 | |
| Arcane Sanctum | 2 | |
| Town Hall | 1 | |
| Castle | 1 | |
| Blacksmith | 1 | |
| Workshop | 1 | |
21 total
» build order
00:07 Altar of Kings
00:13 Farm
00:34 Barracks
01:03 Farm
02:33 Farm
02:54 Scout Tower
02:56 Farm
03:30 Keep
03:54 Arcane Tower
04:33 Arcane Vault
05:13 Lumber Mill
05:16 Farm
06:48 Arcane Sanctum
07:28 Arcane Sanctum
08:08 Farm
08:08 Farm
11:20 Town Hall
13:16 Castle
14:06 Blacksmith
16:52 Workshop
18:56 Farm
» items
| Scroll of Regeneration | 6 | |
| Scroll of Town Portal | 4 | |
| Potion of Healing | 1 | |
| Scroll of Healing | 3 | |
| Potion of Lesser Invulnerability | 1 | |
15 total
observersEye-Servant,
Hawken,
justlikenew,
freeonix,
ReVox_,
lowdmg,
viralStarshaped,
Ls.burn,
mrph Chat log
(00:00) viralChainer: hf
(00:11 / Observers) justlikenew: mirror )
(00:14 / Observers) Ls.burn: lol
(00:18 / Observers) lowdmg: dont wanna mirror :D
(00:22 / Observers) Ls.burn: jaja
(01:31 / All) viralChainer: lol clicking on the portrait
(01:33 / All) viralChainer: but on wrong wise
(01:42 / All) viralChainer: *side
(01:47 / All) BLaCKWiDoWHaZe-: ;o
(01:54 / All) viralChainer: from sc2
(02:10 / All) BLaCKWiDoWHaZe-: ah
(02:15 / All) BLaCKWiDoWHaZe-: -_-
(02:17 / All) BLaCKWiDoWHaZe-: again mirror
(02:17 / All) BLaCKWiDoWHaZe-: xd
(02:35 / Observers) justlikenew: sobi better
(06:20 / Observers) viralStarshaped: btw host
(06:21 / Observers) viralStarshaped: here?
(06:24 / Observers) Eye-Servant: y
(06:28 / Observers) viralStarshaped: u didnt upload
(06:29 / Observers) viralStarshaped: the game =(
(06:32 / Observers) viralStarshaped: i forgot to remind you
(06:33 / Observers) Eye-Servant: u didnt remind me
(06:35 / Observers) Eye-Servant: =)
(06:41 / Observers) viralStarshaped: do it before u go to sleep plz
(06:42 / Observers) viralStarshaped: :D
(06:47 / Observers) Eye-Servant: sure
(06:50 / Observers) Eye-Servant: remind me after game
(06:54 / Observers) viralStarshaped: -_-
(06:59 / Observers) viralStarshaped: i will just forget
(07:09 / Observers) Eye-Servant: well,
(07:14 / Observers) Eye-Servant: then u know how I feel :P
(08:02 / Observers) Eye-Servant: how many games ago was it ?
(08:19 / Observers) viralStarshaped: 2?
(08:22 / Observers) Eye-Servant: kk
(08:33 / Observers) viralStarshaped: 3 after this
(08:34 / Observers) viralStarshaped: i think
(08:35 / All) BLaCKWiDoWHaZe-: ;o
(09:12 / All) viralChainer: -_-
(09:15 / All) BLaCKWiDoWHaZe-: P
(09:57 / Observers) justlikenew: oh
(10:03 / All) viralChainer: -_-
(10:06 / All) BLaCKWiDoWHaZe-: P
(10:19 / Observers) Eye-Servant: Bracer
(10:33 / Observers) Eye-Servant: does it halp vs dmg from Storm bolt for example ??
(10:37 / Observers) justlikenew: bracer is good after all that
(10:40 / Observers) Eye-Servant: help*
(10:44 / Observers) justlikenew: y
(10:59 / Observers) justlikenew: 33% less
(11:13 / Observers) justlikenew: as it sais in the item description
(11:22 / All) viralChainer: -_-
(11:24 / Observers) Eye-Servant: thx
(11:47 / Observers) viralStarshaped: 33% less
(11:49 / Observers) viralStarshaped: only on damage
(11:55 / Observers) justlikenew: revenge zeppelin attack
(11:56 / Observers) viralStarshaped: so for example hex still lasts 100%
(11:57 / Observers) Eye-Servant: storm bolt counst ?
(12:04 / Observers) justlikenew: y
(13:48 / Observers) viralStarshaped: dont forget to upload
(13:48 / Observers) viralStarshaped: !
(13:49 / Observers) viralStarshaped: :D
(13:54 / Observers) Eye-Servant: ;)
(14:06 / Observers) Eye-Servant: highper.ch ?
(14:11 / Observers) viralStarshaped: yup
(16:40 / Observers) justlikenew: wow
(18:12 / Observers) justlikenew: dizzy breakers
(19:00 / Observers) justlikenew: second expo for blue
(19:45 / Observers) viralStarshaped: highper.ch
(19:52 / Observers) Eye-Servant: /hideminimapsignals
(20:07 / Observers) justlikenew: pink am didnt throw any elemntals
(21:14 / All) viralChainer: gg
(21:16 / All) BLaCKWiDoWHaZe-: gg